AoeStats
← ricky102603

Arabia

509271072Analyzed
1v1 RM · 8d ago on Sep 26, 2026· 47m 42s· 2 players
Game mode
Random Map
Map size
Tiny (2 player)
Population
200
Speed
Normal
Resources
Standard
Victory
Conquest
Starting age
Dark Age
Ending age
Imperial Age
RankedLock teamsTeams togetherTeam positionsShared explorationLock speedFull tech treeHidden civsTurbo modeCheats
Victory
Defeat
🇨🇴 Franks · Colombia
1032
+14
🇹🇼 Ethiopians · Taiwan
984
-14
ricky102603
7:12 Loom
9:13 Feudal Age
13:59 Fletching
24:49 Castle Age
23:07 Horse Collar
23:21 Gold Mining
23:19 Double-Bit Axe
24:44 Padded Archer Armor
25:07 Crossbowman
26:12 Leather Archer Armor
29:08 Bodkin Arrow
31:59 Thumb Ring
41:38 Imperial Age
45:46 Arbalester
EXILS_FABIOMAGNO_
6:59 Loom
9:37 Feudal Age
10:03 Double-Bit Axe
12:57 Town Watch
18:32 Forging
21:46 Scale Barding Armor
27:11 Castle Age
26:02 Gold Mining
26:02 Stone Mining
28:39 Wheelbarrow
29:00 Husbandry
29:16 Bow Saw
35:13 Chain Barding Armor
38:24 Iron Casting
37:57 Fletching
38:52 Hand Cart
45:28 Imperial Age
46:34 Conscription
46:16 Cavalier
Connection lost

Rejoining the realm…

Still unreachable

The connection could not be restored.

Session expired

The server has moved on; the page needs a fresh start.